 Dungeon Crawl Stone Soup version 0.31-a0-819-gf6de2f5ab6 (webtiles) character file.

Game seed: 13708597779746123529

23 Kurtz the Chopper (level 3, 4/26 HPs)
             Began as an Octopode Fighter on Sept 25, 2023.
             Quit the game on level 2 of the Dungeon.
             The game lasted 00:00:27 (741 turns).

Kurtz the Chopper (Octopode Fighter)                 Turns: 741, Time: 00:00:27

Health: 4/26       AC:  1    Str: 13 (15) XL:     3   Next: 0%
Magic:  3/3        EV: 13    Int:  7 (10) God:
Gold:   38         SH:  4    Dex: 10 (13) Spells: 2/2 levels left

rFire   . . .        a - +0 war axe
rCold   . . .        b - +0 buckler
rNeg    . . .        (helmet restricted)
rPois   .            (no amulet)
rElec   .            (no ring)
rCorr   .            (no ring)
SInv    .            (no ring)
Will    .....        (no ring)
Stlth   ++           (no ring)
HPRegen 0.24/turn    (no ring)
MPRegen 0.08/turn    (no ring)
                     (no ring)

%: no passive effects
@: no status effects
A: almost no armour, amphibious, 8 rings, camouflage 1, gelatinous body 1,
(nimble swimmer 1), tentacles
a: no special abilities


You were on level 2 of the Dungeon.
You visited 1 branch of the dungeon, and saw 2 of its levels.

You collected 38 gold pieces.

Inventory:

Hand Weapons
 a - a +0 war axe (weapon)
Armour
 b - a +0 buckler (worn)
Scrolls
 d - 2 scrolls of enchant armour {unknown}
 e - a scroll of fear {unknown}
 g - 2 scrolls of identify {unknown}
Potions
 c - 2 potions of might


   Skills:
 - Level 3.0 Fighting
 * Level 3.3 Axes
 - Level 3.0 Dodging
 - Level 3.0 Shields


You had 2 spell levels left.
You didn't know any spells.
Your spell library contained the following spells:

 Spells                   Type           Power      Damage    Failure   Level
 Inner Flame              Hex/Fire       0%         N/A       88%         3
 Flame Wave               Conj/Fire      0%         2d4       99%         4
 Sticky Flame             Conj/Fire      0%         2d3       99%         4


Dungeon Overview and Level Annotations

Branches:
Dungeon (2/15)

Altars:

Annotations:
D:1 1 transporter


Innate Abilities, Weirdness & Mutations

You cannot wear most types of armour.
You are amphibious.
You can wear up to eight rings at the same time.
Your skin changes colour to match your surroundings (Stealth+).
Your rubbery body absorbs attacks. (AC +1, EV +1)
((You are camouflaged when in or above water. (Stealth+)))
You have tentacles for arms and can constrict up to eight enemies at once.


Message History

You have reached level 3!
Your experience leads to an increase in your attributes!
Increase (S)trength, (I)ntelligence, or (D)exterity?
You feel agile. x2
No target in view!
Found a granite talisman.
Unknown command.
No target in view!
d - 2 scrolls labelled JER TAM NOC (gained 1)
A gnoll comes into view. It is wielding a +0 halberd.
Unknown command.
A gnoll is nearby!
A gnoll comes into view. It is wielding a +0 club.
You see here a granite talisman.
There are monsters nearby!
The helpless gnoll fails to defend itself.
You hit the gnoll but do no damage. Your grab misses the gnoll.
The gnoll shouts!
A gnoll comes into view. It is wielding a +0 halberd.
The gnoll hits you with a +0 halberd. The gnoll hits you with a +0 halberd!
The gnoll shouts!
There are monsters nearby!
You are too injured to fight recklessly!
Unknown command.
There are monsters nearby!
You are too injured to fight recklessly!
Unknown command.
You are too injured to fight recklessly!
There are monsters nearby!
You are too injured to fight recklessly!
Unknown command.
Unknown command.
The gnoll barely misses you. The gnoll attacks as it pursues you!
The gnoll hits you with a +0 club.
* * * LOW HITPOINT WARNING * * *
It was a potion of degeneration.
There was something very wrong with that liquid.
You feel weakened.
You feel dopey.
You feel clumsy.
Unknown command.
Are you sure you want to abandon this character and quit the game? (Confirm with "yes".)

#.# .. #.#######.
. #........#
##.####.#.
#.####.# #.##...
######.##.#
#.........# ##
#.####..g@# .##
#.........# .g#
#########g##.##.#
#..%....#
##...#### #......
#.#.#### #.#.#
#.#.#


You could see 2 gnolls.

Vanquished Creatures
  2 dart slugs (D:1)
  An endoplasm (D:2)
  A giant cockroach (D:2)
  2 goblins (D:1)
  2 quokkas (D:1)
  3 ball pythons (D:1)
  3 bats (D:1)
  2 frilled lizards (D:1)
  3 rats (D:1)
19 creatures vanquished.

Notes
Turn   | Place    | Note
-------+----------+-------------------------------------------
     0 | D:1      | Kurtz the Octopode Fighter began the quest for the Orb.
     0 | D:1      | Reached XP level 1. HP: 16/16 MP: 1/1
   238 | D:1      | Reached XP level 2. HP: 21/21 MP: 2/2
   718 | D:2      | Reached XP level 3. HP: 26/26 MP: 3/3
   741 | D:2      | Quit the game

Illustrated notes

Levels and vault maps discovered:
D:1:      spicycebolla_arrival_risky_transporter, layout_basic
D:2:      layout_loops_ring, nicolae_kite_square_tiling_tiny,
          kennysheep_generic_room_14

Skill      XL: |  1  2 |
---------------+-------+-----
Axes           | 3 |  3.3
Fighting       | |  3.0
Dodging        | |  3.0
Shields        | |  3.0

Action                     || total
---------------------------++-------
  Melee: War axe           ||    27
         Constrict         ||     7
         Tentacles         ||     2
    Use: Potion            ||     1
   Stab: Sleeping          ||    11
 Armour: Skin              ||     8
  Dodge: Dodged            ||    13
  Block: Buckler           ||     5

Table legend: (Time is in decaauts)
 A = Elapsed time spent in this place.
 B = Non-inter-level travel time spent in this place.
 C = Inter-level travel time spent in this place.
 D = Time resting spent in this place.
 E = Time spent auto-exploring this place.
 F = Levels seen in this place.
 G = Mean time per level.
                   A        B        C        D        E       F      G
               +--------+--------+--------+--------+--------+-----+--------+
         Total |    751 |    743 |      8 |      0 |    608 |   2 |  375.5 |
       Dungeon |    751 |    743 |      8 |      0 |    608 |   2 |  375.5 |
               +--------+--------+--------+--------+--------+-----+--------+

Top non-repeatable levels by time:
     D:1: 706 daAuts
     D:2: 44 daAuts
